[ AOE2 MATCH · #489068847 ]
UnrankedLithuanians vs Teutons
[ REPLAY ANALYSIS · EXTRACTED FROM THE RECORDED GAME ]
Feudal
9:17
Castle
13:03
Imperial
33:03
| APM avg | 35.5 |
| APM peak | 90 |
| eAPM avg | 22.3 |
| Villagers / military | 119 / 66 |
Focus
⚔️ 26.0% · 🌾 74.0%
Scorpion ×34 · Knight ×26 · Monk ×6
Feudal
8:26
Castle
21:08
Imperial
32:17
| APM avg | 70.6 |
| APM peak | 103 |
| eAPM avg | 33.7 |
| Villagers / military | 145 / 44 |
Focus
⚔️ 28.2% · 🌾 71.8%
Spearman ×35 · Trebuchet (Packed) ×3 · Monk ×2 · Mangonel ×2 · Bombard Cannon ×1 · Teutonic Knight ×1
Feudal
10:21
Castle
16:43
Imperial
35:17
| APM avg | 18.1 |
| APM peak | 51 |
| eAPM avg | 9.7 |
| Villagers / military | 59 / 17 |
Focus
⚔️ 19.7% · 🌾 80.3%
Scorpion ×10 · Ballista Elephant ×4 · Battering Ram ×3
Feudal
8:29
Castle
20:56
Imperial
29:59
| APM avg | 57.5 |
| APM peak | 175 |
| eAPM avg | 25.4 |
| Villagers / military | 154 / 67 |
Focus
⚔️ 23.7% · 🌾 76.3%
Knight ×61 · Scout Cavalry ×4 · Spearman ×2
Feudal
—
Castle
—
Imperial
—
| APM avg | 26.4 |
| APM peak | 75 |
| eAPM avg | 11.2 |
| Villagers / military | 57 / 53 |
Focus
⚔️ 29.8% · 🌾 70.2%
Scorpion ×18 · Monk ×14 · Spearman ×11 · Battering Ram ×10
Feudal
12:14
Castle
15:44
Imperial
20:14
| APM avg | 43.9 |
| APM peak | 117 |
| eAPM avg | 15.8 |
| Villagers / military | 58 / 38 |
Focus
⚔️ 38.6% · 🌾 61.4%
Genoese Crossbowman ×32 · Trebuchet (Packed) ×4 · Petard ×1 · Mangonel ×1
Match map
Initial resources + every placement click. Lines = walls · curves = elevation contours. ◆ gold · ⬟ stone · ● berries · ✦ relic · ◌ wall gap
Your base· ✓ Closed at 13:03 · 0t walls · 2 gate(s)
EDM MACHINE's base· ✓ Closed at 21:08 · 8t walls · 3 gate(s)
CTM | Franco*'s base· ✓ Closed at 16:43 · 8t walls · 2 gate(s)
EDM Martirena's base· ✓ Closed at 20:56 · 0t walls · 2 gate(s)
Matasariano9065's base· ✓ Closed at 10:59 · 0t walls · 3 gate(s)
EDM ROCKMAN's base· ✓ Closed at 15:44 · 0t walls · 2 gate(s)
Smoothed initial terrain · ◌ = detected wall gap · hover for details
Inputs per minute
— PSX | King - - EDM MACHINE
Build order — PSX | King
First 150 of 319 actions detected
| 0:01 | Create | Villager (Male) |
| 0:02 | Create | Villager (Male) |
| 0:03 | Build | House |
| 0:04 | Build | House |
| 0:07 | Create | Villager (Male) |
| 0:07 | Create | Villager (Male) |
| 0:17 | Create | Villager (Male) |
| 0:17 | Create | Villager (Male) |
| 0:17 | Create | Villager (Male) |
| 1:28 | Create | Villager (Male) |
| 1:46 | Build | Lumber Camp |
| 1:59 | Create | Villager (Male) |
| 2:22 | Create | Villager (Male) |
| 2:57 | Create | Villager (Male) |
| 2:57 | Create | Villager (Male) |
| 2:57 | Create | Villager (Male) |
| 3:05 | Build | House |
| 3:06 | Build | House |
| 3:28 | Create | Villager (Male) |
| 4:15 | Create | Villager (Male) |
| 4:44 | Build | Mill |
| 5:08 | Create | Villager (Male) |
| 5:42 | Create | Villager (Male) |
| 6:11 | Create | Villager (Male) |
| 6:41 | Create | Villager (Male) |
| 6:49 | Build | Mining Camp |
| 6:57 | Research | Feudal Age |
| 7:36 | Create | Villager (Male) |
| 7:36 | Create | Villager (Male) |
| 8:07 | Create | Villager (Male) |
| 9:17 | Age | Feudal Age |
| 9:29 | Build | Market |
| 9:32 | Build | Blacksmith |
| 10:23 | Research | Castle Age |
| 12:01 | Build | Farm |
| 12:01 | Build | Farm |
| 12:40 | Create | Villager (Male) |
| 13:03 | Age | Castle Age |
| 13:12 | Build | Town Center |
| 13:16 | Build | Monastery |
| 13:18 | Create | Villager (Male) |
| 13:23 | Build | Farm |
| 13:26 | Build | Farm |
| 13:43 | Build | House |
| 14:01 | Create | Villager (Male) |
| 14:10 | Create | Villager (Male) |
| 14:18 | Create | Monk |
| 14:22 | Build | House |
| 14:25 | Build | Farm |
| 14:27 | Build | Farm |
| 14:32 | Create | Villager (Male) |
| 14:32 | Create | Villager (Male) |
| 14:43 | Build | House |
| 14:44 | Create | Villager (Male) |
| 15:04 | Create | Villager (Male) |
| 15:11 | Build | Farm |
| 15:18 | Build | Farm |
| 15:19 | Create | Villager (Male) |
| 15:29 | Create | Monk |
| 15:30 | Create | Villager (Male) |
| 15:33 | Build | House |
| 15:36 | Create | Villager (Male) |
| 15:44 | Create | Villager (Male) |
| 15:44 | Create | Villager (Male) |
| 15:47 | Build | Farm |
| 15:57 | Create | Villager (Male) |
| 16:01 | Build | Farm |
| 16:04 | Build | House |
| 16:15 | Create | Villager (Male) |
| 16:20 | Build | Farm |
| 16:24 | Research | Forging |
| 16:33 | Research | Forging |
| 16:37 | Create | Monk |
| 16:38 | Create | Villager (Male) |
| 16:38 | Create | Villager (Male) |
| 16:40 | Build | House |
| 16:50 | Build | Farm |
| 17:01 | Create | Villager (Male) |
| 17:01 | Create | Villager (Male) |
| 17:08 | Build | House |
| 17:11 | Research | Loom |
| 17:12 | Research | Double-Bit Axe |
| 17:13 | Research | Double-Bit Axe |
| 17:18 | Create | Villager (Male) |
| 17:22 | Build | Farm |
| 17:35 | Create | Villager (Male) |
| 17:39 | Build | Farm |
| 17:42 | Create | Monk |
| 18:03 | Create | Villager (Male) |
| 18:08 | Build | Barracks |
| 18:09 | Create | Villager (Male) |
| 18:10 | Create | Villager (Male) |
| 18:39 | Create | Villager (Male) |
| 18:39 | Create | Villager (Male) |
| 18:39 | Create | Villager (Male) |
| 18:43 | Create | Villager (Male) |
| 18:43 | Create | Villager (Male) |
| 18:54 | Build | Mining Camp |
| 18:58 | Create | Villager (Male) |
| 18:58 | Create | Villager (Male) |
| 19:22 | Create | Villager (Male) |
| 19:22 | Create | Villager (Male) |
| 19:22 | Create | Villager (Male) |
| 19:24 | Build | House |
| 19:38 | Build | Town Center |
| 19:48 | Build | Stable |
| 20:03 | Create | Villager (Male) |
| 20:04 | Create | Villager (Male) |
| 20:04 | Create | Villager (Male) |
| 20:07 | Build | Farm |
| 20:36 | Build | Stable |
| 20:38 | Research | Scale Barding Armor |
| 20:39 | Create | Villager (Male) |
| 20:39 | Create | Villager (Male) |
| 20:46 | Build | House |
| 20:54 | Research | Horse Collar |
| 21:16 | Create | Knight |
| 21:24 | Research | Wheelbarrow |
| 21:25 | Create | Villager (Male) |
| 21:29 | Build | House |
| 21:30 | Build | House |
| 21:46 | Research | Forging |
| 21:51 | Build | Farm |
| 21:51 | Build | Farm |
| 21:52 | Build | Farm |
| 21:52 | Build | Farm |
| 21:52 | Build | Farm |
| 21:52 | Build | Farm |
| 21:53 | Build | Farm |
| 22:10 | Create | Villager (Male) |
| 22:10 | Create | Villager (Male) |
| 22:13 | Build | Farm |
| 22:15 | Build | Farm |
| 22:17 | Build | Farm |
| 22:27 | Build | Farm |
| 22:28 | Build | House |
| 22:29 | Build | House |
| 22:30 | Build | House |
| 22:31 | Build | House |
| 22:40 | Create | Villager (Male) |
| 22:41 | Create | Villager (Male) |
| 22:41 | Create | Villager (Male) |
| 22:42 | Build | Farm |
| 23:01 | Research | Bloodlines |
| 23:04 | Create | Villager (Male) |
| 23:04 | Create | Villager (Male) |
| 23:11 | Build | Farm |
| 23:11 | Build | Farm |
| 23:12 | Build | Farm |
| 23:17 | Build | Farm |
Build order — EDM MACHINE
First 150 of 361 actions detected
| 0:00 | Create | Villager (Male) |
| 0:00 | Create | Villager (Male) |
| 0:01 | Create | Villager (Male) |
| 0:02 | Build | House |
| 0:03 | Build | House |
| 0:06 | Create | Villager (Male) |
| 1:28 | Create | Villager (Male) |
| 1:29 | Create | Villager (Male) |
| 1:46 | Build | Lumber Camp |
| 1:53 | Create | Villager (Male) |
| 1:53 | Create | Villager (Male) |
| 2:22 | Create | Villager (Male) |
| 2:22 | Create | Villager (Male) |
| 2:54 | Create | Villager (Male) |
| 2:55 | Create | Villager (Male) |
| 3:09 | Create | Villager (Male) |
| 3:10 | Create | Villager (Male) |
| 3:38 | Create | Villager (Male) |
| 3:38 | Create | Villager (Male) |
| 3:51 | Build | House |
| 4:01 | Create | Villager (Male) |
| 4:40 | Create | Villager (Male) |
| 4:40 | Create | Villager (Male) |
| 5:00 | Build | Mining Camp |
| 5:13 | Create | Villager (Male) |
| 5:13 | Create | Villager (Male) |
| 5:18 | Create | Villager (Male) |
| 5:19 | Create | Villager (Male) |
| 5:19 | Create | Villager (Male) |
| 5:51 | Create | Villager (Male) |
| 6:16 | Research | Feudal Age |
| 6:16 | Research | Feudal Age |
| 6:38 | Build | House |
| 7:43 | Create | Villager (Male) |
| 7:48 | Build | Mill |
| 7:59 | Research | Loom |
| 7:59 | Create | Villager (Male) |
| 8:26 | Age | Feudal Age |
| 8:29 | Build | Watch Tower |
| 8:35 | Create | Villager (Male) |
| 8:51 | Create | Villager (Male) |
| 9:00 | Research | Double-Bit Axe |
| 9:22 | Create | Villager (Male) |
| 9:53 | Build | Farm |
| 9:54 | Build | Farm |
| 10:11 | Build | Watch Tower |
| 10:21 | Create | Villager (Male) |
| 10:37 | Build | Watch Tower |
| 10:53 | Build | Watch Tower |
| 11:10 | Build | Watch Tower |
| 11:18 | Create | Villager (Male) |
| 11:39 | Create | Villager (Male) |
| 11:42 | Build | House |
| 11:45 | Build | House |
| 12:06 | Build | Palisade Wall |
| 12:07 | Build | Palisade Wall |
| 12:07 | Build | Palisade Wall |
| 12:15 | Create | Villager (Male) |
| 12:34 | Create | Villager (Male) |
| 12:55 | Build | House |
| 13:03 | Create | Villager (Male) |
| 13:03 | Create | Villager (Male) |
| 13:09 | Build | House |
| 13:15 | Create | Villager (Male) |
| 13:17 | Build | Farm |
| 14:04 | Create | Villager (Male) |
| 14:25 | Create | Villager (Male) |
| 14:32 | Build | House |
| 14:37 | Create | Villager (Male) |
| 14:39 | Build | Farm |
| 14:50 | Build | Farm |
| 14:55 | Create | Villager (Male) |
| 15:05 | Build | Farm |
| 15:19 | Build | House |
| 15:19 | Build | House |
| 15:23 | Build | Farm |
| 15:25 | Create | Villager (Male) |
| 15:44 | Build | House |
| 15:56 | Build | Lumber Camp |
| 16:19 | Build | Blacksmith |
| 16:22 | Create | Villager (Male) |
| 16:38 | Build | Mining Camp |
| 16:54 | Create | Villager (Male) |
| 17:08 | Build | Farm |
| 17:13 | Create | Villager (Male) |
| 17:23 | Build | Palisade Wall |
| 17:24 | Build | Palisade Wall |
| 17:25 | Build | Palisade Wall |
| 17:26 | Build | Palisade Wall |
| 17:27 | Build | Palisade Wall |
| 17:31 | Create | Villager (Male) |
| 17:37 | Build | Market |
| 17:41 | Build | Farm |
| 17:43 | Build | Farm |
| 17:49 | Build | Farm |
| 18:02 | Build | Farm |
| 18:09 | Build | Outpost |
| 18:28 | Research | Castle Age |
| 18:28 | Research | Castle Age |
| 18:33 | Build | Farm |
| 18:49 | Build | Outpost |
| 18:57 | Create | Villager (Male) |
| 19:01 | Build | Farm |
| 19:04 | Build | Farm |
| 19:04 | Research | Horse Collar |
| 19:18 | Build | Farm |
| 19:28 | Build | Outpost |
| 19:45 | Build | Farm |
| 20:17 | Create | Villager (Male) |
| 20:35 | Build | Outpost |
| 20:47 | Create | Villager (Male) |
| 21:03 | Create | Villager (Male) |
| 21:08 | Age | Castle Age |
| 21:12 | Create | Villager (Male) |
| 21:12 | Create | Villager (Male) |
| 21:15 | Build | Monastery |
| 21:18 | Build | Town Center |
| 21:24 | Build | Outpost |
| 21:35 | Create | Villager (Male) |
| 21:40 | Build | Town Center |
| 21:51 | Create | Villager (Male) |
| 21:53 | Build | Lumber Camp |
| 21:53 | Research | Bow Saw |
| 22:01 | Create | Monk |
| 22:03 | Build | Farm |
| 22:10 | Create | Villager (Male) |
| 22:15 | Create | Villager (Male) |
| 22:16 | Create | Villager (Male) |
| 22:16 | Create | Villager (Male) |
| 22:16 | Create | Villager (Male) |
| 22:16 | Create | Villager (Male) |
| 22:17 | Create | Villager (Male) |
| 22:27 | Create | Villager (Male) |
| 22:41 | Create | Villager (Male) |
| 22:44 | Create | Villager (Male) |
| 22:50 | Create | Villager (Male) |
| 22:53 | Build | House |
| 22:54 | Build | House |
| 23:03 | Create | Monk |
| 23:14 | Build | Farm |
| 23:17 | Create | Villager (Male) |
| 23:17 | Create | Villager (Male) |
| 23:19 | Create | Villager (Male) |
| 23:21 | Build | Mill |
| 23:21 | Build | Farm |
| 23:22 | Build | Farm |
| 23:22 | Build | Farm |
| 23:22 | Build | Farm |
| 23:31 | Build | Town Center |
| 23:34 | Build | House |
Build order — CTM | Franco*
First 150 of 162 actions detected
| 0:01 | Create | Villager (Male) |
| 0:01 | Create | Villager (Male) |
| 0:01 | Create | Villager (Male) |
| 0:02 | Create | Villager (Male) |
| 0:02 | Create | Villager (Male) |
| 0:04 | Build | House |
| 0:07 | Build | House |
| 1:34 | Create | Villager (Male) |
| 2:07 | Create | Villager (Male) |
| 2:07 | Create | Villager (Male) |
| 2:17 | Build | House |
| 2:18 | Build | House |
| 2:24 | Create | Villager (Male) |
| 2:24 | Create | Villager (Male) |
| 2:45 | Build | Lumber Camp |
| 3:01 | Create | Villager (Male) |
| 3:02 | Create | Villager (Male) |
| 3:15 | Create | Villager (Male) |
| 4:01 | Create | Villager (Male) |
| 4:15 | Create | Villager (Male) |
| 4:21 | Create | Villager (Male) |
| 5:05 | Create | Villager (Male) |
| 5:19 | Create | Villager (Male) |
| 5:29 | Create | Villager (Male) |
| 6:29 | Create | Villager (Male) |
| 6:36 | Create | Villager (Male) |
| 6:44 | Create | Villager (Male) |
| 6:58 | Build | House |
| 7:08 | Build | Mining Camp |
| 7:25 | Create | Villager (Male) |
| 8:00 | Build | Mill |
| 8:11 | Research | Feudal Age |
| 8:14 | Research | Loom |
| 9:01 | Build | Mining Camp |
| 9:18 | Build | House |
| 9:52 | Build | House |
| 9:57 | Build | Palisade Wall |
| 10:21 | Age | Feudal Age |
| 10:25 | Build | Watch Tower |
| 10:33 | Build | Watch Tower |
| 10:38 | Build | Palisade Wall |
| 10:39 | Build | Palisade Wall |
| 10:52 | Build | Palisade Wall |
| 11:59 | Build | Watch Tower |
| 12:30 | Build | Watch Tower |
| 12:37 | Build | Stone Wall |
| 13:26 | Build | Farm |
| 13:40 | Build | Watch Tower |
| 14:03 | Research | Castle Age |
| 14:44 | Build | Blacksmith |
| 15:31 | Research | Fletching |
| 15:35 | Build | Farm |
| 15:38 | Build | Farm |
| 16:20 | Research | Double-Bit Axe |
| 16:24 | Research | Horse Collar |
| 16:43 | Age | Castle Age |
| 16:51 | Build | Siege Workshop |
| 16:54 | Create | Villager (Male) |
| 17:12 | Build | House |
| 17:15 | Build | House |
| 17:18 | Create | Villager (Male) |
| 17:39 | Create | Villager (Male) |
| 17:48 | Create | Villager (Male) |
| 17:51 | Create | Battering Ram |
| 18:14 | Create | Villager (Male) |
| 18:23 | Build | House |
| 18:25 | Create | Battering Ram |
| 18:42 | Create | Villager (Male) |
| 18:54 | Create | Villager (Male) |
| 18:57 | Create | Scorpion |
| 19:14 | Build | Farm |
| 19:15 | Build | Farm |
| 19:27 | Create | Villager (Male) |
| 19:42 | Create | Battering Ram |
| 19:45 | Create | Villager (Male) |
| 20:14 | Create | Villager (Male) |
| 20:38 | Create | Villager (Male) |
| 20:42 | Create | Scorpion |
| 20:43 | Create | Scorpion |
| 21:15 | Create | Villager (Male) |
| 21:45 | Create | Villager (Male) |
| 21:47 | Create | Scorpion |
| 21:47 | Create | Scorpion |
| 22:05 | Create | Villager (Male) |
| 22:13 | Build | Farm |
| 22:14 | Build | Farm |
| 22:15 | Build | Farm |
| 22:34 | Build | Palisade Wall |
| 22:40 | Create | Villager (Male) |
| 22:59 | Build | Farm |
| 23:01 | Create | Villager (Male) |
| 23:14 | Build | Stone Wall |
| 23:30 | Create | Villager (Male) |
| 23:44 | Build | House |
| 23:45 | Build | House |
| 23:46 | Build | House |
| 23:47 | Create | Villager (Male) |
| 24:22 | Build | Farm |
| 24:23 | Create | Villager (Male) |
| 24:24 | Create | Villager (Male) |
| 24:38 | Build | Farm |
| 24:41 | Create | Villager (Male) |
| 24:55 | Build | Farm |
| 24:56 | Build | Farm |
| 24:57 | Build | Farm |
| 24:58 | Create | Villager (Male) |
| 25:01 | Build | Farm |
| 25:08 | Create | Scorpion ×5 |
| 25:22 | Build | Farm |
| 25:23 | Create | Villager (Male) |
| 25:36 | Create | Villager (Male) |
| 25:44 | Build | Castle |
| 25:48 | Create | Villager (Male) |
| 25:52 | Build | House |
| 25:52 | Create | Villager (Male) |
| 25:57 | Build | Farm |
| 26:05 | Create | Villager (Male) |
| 26:13 | Build | Farm |
| 26:18 | Research | Scale Barding Armor |
| 26:25 | Build | House |
| 26:26 | Create | Villager (Male) |
| 26:39 | Build | Farm |
| 26:51 | Build | House |
| 26:52 | Build | House |
| 26:53 | Build | House |
| 26:55 | Build | House |
| 26:56 | Create | Villager (Male) |
| 26:59 | Research | Heavy Plow |
| 27:13 | Create | Villager (Male) |
| 27:16 | Build | Farm |
| 27:51 | Build | Farm |
| 27:52 | Build | Farm |
| 27:53 | Build | Farm |
| 27:54 | Build | Farm |
| 27:55 | Build | Farm |
| 27:57 | Build | Farm |
| 27:58 | Build | Farm |
| 28:28 | Build | Farm |
| 28:54 | Research | Gold Mining |
| 28:59 | Build | House |
| 29:20 | Create | Villager (Male) |
| 29:26 | Build | Farm |
| 29:28 | Build | Farm |
| 29:29 | Build | Farm |
| 30:10 | Build | University |
| 30:27 | Research | Wheelbarrow |
| 30:54 | Research | Bow Saw |
| 30:59 | Research | Town Watch |
| 31:04 | Research | Gold Shaft Mining |
| 31:28 | Build | Farm |
Build order — EDM Martirena
First 150 of 364 actions detected
| 0:00 | Create | Villager (Male) |
| 0:00 | Create | Villager (Male) |
| 0:01 | Create | Villager (Male) |
| 0:01 | Create | Villager (Male) |
| 0:02 | Build | House |
| 0:03 | Build | House |
| 1:24 | Create | Villager (Male) |
| 1:24 | Create | Villager (Male) |
| 1:55 | Create | Villager (Male) |
| 1:55 | Create | Villager (Male) |
| 2:09 | Build | Lumber Camp |
| 2:16 | Create | Villager (Male) |
| 2:39 | Create | Villager (Male) |
| 3:04 | Create | Villager (Male) |
| 3:04 | Create | Villager (Male) |
| 3:29 | Build | House |
| 3:35 | Create | Villager (Male) |
| 3:35 | Create | Villager (Male) |
| 3:52 | Create | Villager (Male) |
| 3:58 | Create | Villager (Male) |
| 4:33 | Create | Villager (Male) |
| 4:34 | Create | Villager (Male) |
| 4:43 | Create | Villager (Male) |
| 4:47 | Create | Villager (Male) |
| 5:11 | Build | Mill |
| 6:19 | Research | Feudal Age |
| 6:54 | Build | House |
| 6:58 | Create | Villager (Male) |
| 6:59 | Create | Villager (Male) |
| 8:29 | Age | Feudal Age |
| 8:30 | Build | Town Center |
| 8:33 | Create | Villager (Male) |
| 8:35 | Research | Double-Bit Axe |
| 8:44 | Create | Villager (Male) |
| 9:06 | Create | Villager (Male) |
| 9:26 | Build | House |
| 9:29 | Create | Villager (Male) |
| 9:36 | Research | Horse Collar |
| 10:02 | Create | Villager (Male) |
| 10:06 | Build | Farm |
| 10:13 | Build | Farm |
| 10:16 | Create | Villager (Male) |
| 10:16 | Create | Villager (Male) |
| 10:19 | Build | Farm |
| 10:25 | Build | Farm |
| 10:37 | Build | House |
| 10:41 | Create | Villager (Male) |
| 10:50 | Build | Farm |
| 11:02 | Build | Farm |
| 11:07 | Create | Villager (Male) |
| 11:07 | Create | Villager (Male) |
| 11:11 | Create | Villager (Male) |
| 11:12 | Create | Villager (Male) |
| 11:16 | Build | House |
| 11:36 | Build | Farm |
| 11:39 | Create | Villager (Male) |
| 11:48 | Build | House |
| 11:48 | Create | Villager (Male) |
| 11:48 | Create | Villager (Male) |
| 11:54 | Build | Farm |
| 12:01 | Create | Villager (Male) |
| 12:01 | Create | Villager (Male) |
| 12:12 | Create | Villager (Male) |
| 12:12 | Create | Villager (Male) |
| 12:22 | Build | House |
| 12:26 | Build | Farm |
| 12:26 | Build | Farm |
| 12:27 | Create | Villager (Male) |
| 12:39 | Build | House |
| 12:48 | Create | Villager (Male) |
| 12:51 | Create | Villager (Male) |
| 13:00 | Build | Farm |
| 13:02 | Build | Farm |
| 13:05 | Build | Farm |
| 13:06 | Create | Villager (Male) |
| 13:18 | Build | Farm |
| 13:18 | Create | Villager (Male) |
| 13:18 | Create | Villager (Male) |
| 13:23 | Build | House |
| 13:24 | Create | Villager (Male) |
| 13:35 | Build | Farm |
| 13:41 | Build | Farm |
| 13:41 | Create | Villager (Male) |
| 13:50 | Create | Villager (Male) |
| 13:53 | Build | Farm |
| 13:55 | Create | Villager (Male) |
| 14:02 | Build | Farm |
| 14:05 | Create | Villager (Male) |
| 14:23 | Create | Villager (Male) |
| 14:23 | Create | Villager (Male) |
| 14:33 | Create | Villager (Male) |
| 14:37 | Create | Villager (Male) |
| 14:41 | Build | Farm |
| 14:41 | Build | Farm |
| 14:41 | Build | Farm |
| 14:41 | Build | Farm |
| 14:44 | Create | Villager (Male) |
| 14:56 | Build | Farm |
| 14:58 | Create | Villager (Male) |
| 15:05 | Build | House |
| 15:21 | Create | Villager (Male) |
| 15:26 | Create | Villager (Male) |
| 15:34 | Create | Villager (Male) |
| 15:41 | Create | Villager (Male) |
| 15:45 | Build | Farm |
| 15:45 | Build | Farm |
| 15:45 | Build | Farm |
| 15:52 | Create | Villager (Male) |
| 15:57 | Build | Barracks |
| 15:58 | Create | Villager (Male) |
| 16:51 | Build | Stable |
| 16:53 | Research | Wheelbarrow |
| 17:06 | Create | Villager (Male) |
| 17:09 | Build | House |
| 17:37 | Create | Villager (Male) |
| 17:39 | Build | Blacksmith |
| 17:40 | Create | Villager (Male) |
| 18:06 | Create | Villager (Male) |
| 18:16 | Research | Castle Age |
| 18:16 | Research | Castle Age |
| 18:16 | Create | Villager (Male) |
| 18:17 | Research | Wheelbarrow |
| 18:18 | Create | Villager (Male) |
| 18:18 | Create | Villager (Male) |
| 18:18 | Create | Villager (Male) |
| 18:18 | Create | Villager (Male) |
| 18:29 | Build | Stable |
| 18:43 | Create | Villager (Male) |
| 18:47 | Create | Villager (Male) |
| 18:56 | Create | Villager (Male) |
| 19:09 | Build | Farm |
| 19:09 | Build | Farm |
| 19:09 | Build | Farm |
| 19:10 | Build | Farm |
| 19:10 | Build | Farm |
| 19:10 | Build | Farm |
| 19:15 | Build | Mill |
| 19:20 | Research | Bloodlines |
| 19:23 | Create | Villager (Male) |
| 19:28 | Build | Mining Camp |
| 19:34 | Create | Scout Cavalry |
| 19:34 | Create | Scout Cavalry |
| 19:38 | Build | Farm |
| 19:46 | Build | Farm |
| 19:55 | Build | Farm |
| 19:58 | Build | Farm |
| 19:59 | Build | Farm |
| 20:08 | Research | Scale Barding Armor |
| 20:18 | Build | House |
| 20:20 | Create | Villager (Male) |
Build order — Matasariano9065
First 150 of 161 actions detected
| 0:01 | Create | Villager (Male) |
| 0:01 | Create | Villager (Male) |
| 0:03 | Build | House |
| 0:05 | Build | House |
| 0:18 | Create | Villager (Male) |
| 0:18 | Create | Villager (Male) |
| 1:41 | Create | Villager (Male) |
| 1:42 | Create | Villager (Male) |
| 1:53 | Create | Villager (Male) |
| 2:21 | Create | Villager (Male) |
| 2:21 | Create | Villager (Male) |
| 2:25 | Create | Villager (Male) |
| 2:26 | Create | Villager (Male) |
| 2:35 | Build | Lumber Camp |
| 2:46 | Build | House |
| 2:52 | Build | House |
| 3:11 | Create | Villager (Male) |
| 3:12 | Create | Villager (Male) |
| 3:48 | Create | Villager (Male) |
| 3:48 | Create | Villager (Male) |
| 4:53 | Create | Villager (Male) |
| 4:53 | Create | Villager (Male) |
| 4:56 | Create | Villager (Male) |
| 4:57 | Create | Villager (Male) |
| 5:13 | Create | Villager (Male) |
| 5:17 | Create | Villager (Male) |
| 5:28 | Create | Villager (Male) |
| 5:28 | Create | Villager (Male) |
| 5:32 | Build | Mill |
| 5:46 | Create | Villager (Male) |
| 5:47 | Create | Villager (Male) |
| 5:47 | Create | Villager (Male) |
| 6:46 | Build | Mining Camp |
| 7:11 | Research | Feudal Age |
| 7:50 | Create | Villager (Male) |
| 7:51 | Create | Villager (Male) |
| 9:48 | Build | Market |
| 9:51 | Build | Blacksmith |
| 10:59 | Research | Castle Age |
| 10:59 | Research | Castle Age |
| 10:59 | Research | Castle Age |
| 11:00 | Research | Castle Age |
| 11:46 | Research | Loom |
| 11:58 | Build | House |
| 12:27 | Create | Villager (Male) |
| 13:41 | Build | Siege Workshop |
| 13:46 | Build | Blacksmith |
| 13:58 | Research | Horse Collar |
| 14:01 | Create | Villager (Male) |
| 14:04 | Build | House |
| 14:19 | Build | Palisade Wall |
| 14:37 | Create | Battering Ram |
| 14:37 | Create | Battering Ram |
| 14:38 | Create | Villager (Male) |
| 14:48 | Build | Farm |
| 14:48 | Build | Farm |
| 14:48 | Build | Farm |
| 14:53 | Create | Villager (Male) |
| 15:16 | Build | Monastery |
| 15:19 | Create | Villager (Male) |
| 15:36 | Build | Palisade Wall |
| 15:38 | Build | Palisade Wall |
| 15:41 | Build | Palisade Wall |
| 15:47 | Create | Scorpion |
| 15:49 | Create | Villager (Male) |
| 15:49 | Create | Villager (Male) |
| 15:55 | Build | Farm |
| 15:57 | Build | Farm |
| 16:10 | Create | Scorpion |
| 16:12 | Create | Villager (Male) |
| 16:19 | Build | Farm |
| 16:25 | Create | Monk |
| 16:25 | Create | Monk |
| 16:34 | Build | Farm |
| 16:39 | Build | House |
| 17:17 | Build | Monastery |
| 17:23 | Create | Battering Ram |
| 17:23 | Create | Battering Ram |
| 17:24 | Create | Battering Ram |
| 17:29 | Create | Monk |
| 17:29 | Create | Monk |
| 17:38 | Create | Villager (Male) |
| 17:39 | Create | Villager (Male) |
| 17:45 | Build | Farm |
| 17:45 | Create | Villager (Male) |
| 17:58 | Research | Sanctity |
| 18:07 | Create | Villager (Male) |
| 18:11 | Build | House |
| 18:38 | Create | Battering Ram |
| 18:38 | Create | Battering Ram |
| 18:38 | Create | Battering Ram |
| 18:52 | Build | Barracks |
| 19:02 | Create | Villager (Male) |
| 19:03 | Create | Villager (Male) |
| 19:08 | Build | Farm |
| 19:09 | Build | Farm |
| 19:33 | Create | Battering Ram |
| 19:33 | Create | Battering Ram |
| 19:34 | Create | Villager (Male) |
| 19:35 | Create | Villager (Male) |
| 19:41 | Build | Farm |
| 19:53 | Create | Spearman |
| 19:53 | Create | Spearman |
| 19:53 | Create | Spearman |
| 20:08 | Build | House |
| 20:22 | Build | House |
| 20:40 | Create | Villager (Male) |
| 20:48 | Create | Scorpion |
| 20:48 | Create | Scorpion |
| 20:52 | Create | Spearman |
| 20:52 | Create | Spearman |
| 21:00 | Create | Villager (Male) |
| 21:06 | Build | Mining Camp |
| 21:10 | Build | House |
| 21:11 | Build | House |
| 21:11 | Build | House |
| 21:19 | Research | Redemption |
| 21:40 | Create | Spearman |
| 21:40 | Create | Spearman |
| 21:40 | Create | Spearman |
| 21:59 | Build | Monastery |
| 22:00 | Create | Villager (Male) |
| 22:10 | Build | Farm |
| 22:11 | Create | Villager (Male) |
| 22:18 | Create | Monk |
| 22:24 | Create | Spearman |
| 22:25 | Create | Spearman |
| 22:46 | Build | Barracks |
| 23:00 | Create | Spearman |
| 24:14 | Build | Barracks |
| 24:15 | Create | Villager (Male) |
| 24:27 | Create | Villager (Male) |
| 24:41 | Build | Siege Workshop |
| 24:45 | Build | Siege Workshop |
| 24:49 | Create | Villager (Male) |
| 24:49 | Create | Villager (Male) |
| 25:24 | Build | House |
| 25:36 | Create | Scorpion |
| 25:36 | Create | Scorpion |
| 25:40 | Create | Scorpion |
| 25:40 | Create | Scorpion |
| 25:56 | Create | Villager (Male) |
| 25:56 | Create | Villager (Male) |
| 25:56 | Create | Villager (Male) |
| 26:18 | Create | Scorpion ×2 |
| 26:18 | Create | Scorpion ×2 |
| 26:19 | Create | Villager (Male) |
| 26:19 | Create | Villager (Male) |
| 26:52 | Create | Scorpion ×3 |
| 26:52 | Create | Scorpion ×3 |
Build order — EDM ROCKMAN
First 150 of 182 actions detected
| 0:01 | Create | Villager (Male) |
| 0:03 | Build | House |
| 0:07 | Build | House |
| 0:07 | Create | Villager (Male) |
| 0:08 | Create | Villager (Male) |
| 0:11 | Create | Villager (Male) |
| 1:25 | Create | Villager (Male) |
| 1:47 | Build | Lumber Camp |
| 1:58 | Create | Villager (Male) |
| 2:19 | Create | Villager (Male) |
| 2:46 | Create | Villager (Male) |
| 3:00 | Create | Villager (Male) |
| 3:24 | Build | House |
| 3:33 | Create | Villager (Male) |
| 3:59 | Create | Villager (Male) |
| 4:04 | Build | House |
| 4:05 | Build | House |
| 4:25 | Create | Villager (Male) |
| 4:35 | Create | Villager (Male) |
| 5:02 | Build | House |
| 5:29 | Create | Villager (Male) |
| 5:29 | Create | Villager (Male) |
| 5:30 | Create | Villager (Male) |
| 5:31 | Build | Mill |
| 6:40 | Create | Villager (Male) |
| 6:40 | Create | Villager (Male) |
| 6:55 | Create | Villager (Male) |
| 7:11 | Create | Villager (Male) |
| 7:23 | Build | Farm |
| 7:47 | Build | Farm |
| 7:49 | Build | Farm |
| 8:04 | Build | Mining Camp |
| 8:16 | Create | Villager (Male) |
| 8:16 | Create | Villager (Male) |
| 8:17 | Create | Villager (Male) |
| 8:17 | Create | Villager (Male) |
| 8:57 | Build | Mining Camp |
| 9:41 | Research | Feudal Age |
| 11:29 | Create | Villager (Male) |
| 11:29 | Create | Villager (Male) |
| 12:14 | Age | Feudal Age |
| 12:17 | Build | Market |
| 12:20 | Build | Blacksmith |
| 12:57 | Research | Castle Age |
| 13:36 | Build | Farm |
| 13:37 | Build | Farm |
| 13:52 | Build | Farm |
| 14:56 | Create | Villager (Male) |
| 14:56 | Create | Villager (Male) |
| 15:14 | Build | Farm |
| 15:40 | Build | Farm |
| 15:44 | Age | Castle Age |
| 15:48 | Build | Castle |
| 16:12 | Build | Siege Workshop |
| 16:33 | Build | Farm |
| 16:38 | Research | Loom |
| 17:04 | Research | Imperial Age |
| 17:07 | Build | Farm |
| 17:57 | Create | Mangonel |
| 18:00 | Create | Villager (Male) |
| 18:20 | Build | House |
| 18:25 | Create | Villager (Male) |
| 18:30 | Research | Fletching |
| 18:38 | Create | Genoese Crossbowman |
| 18:49 | Build | Farm |
| 18:55 | Create | Genoese Crossbowman |
| 18:56 | Create | Genoese Crossbowman |
| 19:24 | Create | Genoese Crossbowman |
| 19:25 | Create | Genoese Crossbowman |
| 19:32 | Build | Farm |
| 19:55 | Research | Bodkin Arrow |
| 19:58 | Create | Genoese Crossbowman |
| 20:14 | Age | Imperial Age |
| 20:33 | Create | Villager (Male) |
| 20:39 | Create | Trebuchet (Packed) |
| 20:59 | Create | Villager (Male) |
| 21:34 | Create | Trebuchet (Packed) |
| 21:36 | Create | Villager (Male) |
| 21:52 | Create | Villager (Male) |
| 22:01 | Research | Double-Bit Axe |
| 22:05 | Create | Genoese Crossbowman |
| 22:05 | Create | Genoese Crossbowman |
| 22:32 | Create | Villager (Male) |
| 22:33 | Create | Genoese Crossbowman |
| 22:33 | Create | Genoese Crossbowman |
| 22:33 | Create | Genoese Crossbowman |
| 23:20 | Create | Genoese Crossbowman |
| 23:20 | Create | Genoese Crossbowman |
| 24:10 | Create | Villager (Male) |
| 24:12 | Create | Trebuchet (Packed) |
| 24:12 | Create | Trebuchet (Packed) |
| 24:39 | Build | Farm |
| 24:39 | Build | Farm |
| 24:39 | Build | Farm |
| 24:39 | Build | Farm |
| 24:40 | Build | Farm |
| 24:40 | Build | Farm |
| 24:40 | Build | Farm |
| 24:40 | Build | Farm |
| 24:41 | Build | Farm |
| 24:41 | Build | Farm |
| 24:41 | Build | Farm |
| 24:41 | Build | Farm |
| 24:45 | Create | Villager (Male) |
| 25:22 | Create | Genoese Crossbowman |
| 25:22 | Create | Genoese Crossbowman |
| 25:23 | Create | Villager (Male) |
| 25:24 | Create | Villager (Male) |
| 25:25 | Build | Farm |
| 25:34 | Build | Farm |
| 25:46 | Build | House |
| 25:47 | Build | House |
| 25:54 | Create | Genoese Crossbowman |
| 25:55 | Create | Genoese Crossbowman |
| 26:20 | Research | Bracer |
| 26:22 | Create | Genoese Crossbowman |
| 26:22 | Create | Genoese Crossbowman |
| 26:33 | Build | Farm |
| 26:34 | Create | Villager (Male) |
| 27:04 | Create | Villager (Male) |
| 27:05 | Create | Genoese Crossbowman |
| 27:06 | Create | Genoese Crossbowman |
| 27:06 | Create | Genoese Crossbowman |
| 27:14 | Build | Gate |
| 27:16 | Build | House |
| 27:17 | Build | House |
| 27:18 | Create | Villager (Male) |
| 27:49 | Create | Villager (Male) |
| 27:51 | Create | Genoese Crossbowman |
| 27:51 | Create | Genoese Crossbowman |
| 28:13 | Build | University |
| 28:16 | Research | Horse Collar |
| 28:19 | Build | House |
| 28:32 | Create | Villager (Male) |
| 28:33 | Build | Farm |
| 28:48 | Create | Villager (Male) |
| 28:59 | Build | House |
| 29:23 | Research | Ballistics |
| 29:23 | Research | Ballistics |
| 29:26 | Create | Villager (Male) |
| 29:44 | Create | Genoese Crossbowman |
| 29:44 | Create | Genoese Crossbowman |
| 29:53 | Create | Villager (Male) |
| 30:15 | Create | Villager (Male) |
| 30:35 | Build | Barracks |
| 30:40 | Build | Farm |
| 30:40 | Build | Farm |
| 30:40 | Build | Farm |
| 30:40 | Build | Farm |
| 30:41 | Build | Farm |
Match timeline
| 8:26 | EDM MACHINE · age_up feudal |
| 8:29 | EDM Martirena · age_up feudal |
| 9:17 | PSX | King · age_up feudal |
| 9:57 | CTM | Franco* · wall_segment Palisade Wall x2 |
| 10:21 | CTM | Franco* · age_up feudal |
| 10:38 | CTM | Franco* · wall_segment Palisade Wall x1 |
| 10:39 | CTM | Franco* · wall_segment Palisade Wall x1 |
| 10:52 | CTM | Franco* · wall_segment Palisade Wall x1 |
| 10:57 | Matasariano9065 · first_market_sell 100 wood |
| 11:48 | PSX | King · tribute_sent a jugador 2 |
| 11:48 | PSX | King · tribute_sent a jugador 3 |
| 11:48 | PSX | King · tribute_sent a jugador 4 |
| 11:48 | PSX | King · tribute_sent a jugador 5 |
| 11:48 | PSX | King · tribute_sent a jugador 6 |
| 12:06 | EDM MACHINE · wall_segment Palisade Wall x1 |
| 12:07 | EDM MACHINE · wall_segment Palisade Wall x1 |
| 12:07 | EDM MACHINE · wall_segment Palisade Wall x1 |
| 12:14 | EDM ROCKMAN · age_up feudal |
| 12:37 | CTM | Franco* · wall_segment Stone Wall x3 |
| 13:03 | PSX | King · age_up castle |
| 13:09 | PSX | King · first_market_buy 100 stone |
| 13:16 | PSX | King · first_building Monastery |
| 13:41 | Matasariano9065 · first_building Siege Workshop |
| 14:19 | Matasariano9065 · wall_segment Palisade Wall x1 |
| 15:16 | Matasariano9065 · first_building Monastery |
| 15:36 | Matasariano9065 · wall_segment Palisade Wall x1 |
| 15:38 | Matasariano9065 · wall_segment Palisade Wall x1 |
| 15:41 | Matasariano9065 · wall_segment Palisade Wall x1 |
| 15:44 | EDM ROCKMAN · age_up castle |
| 15:48 | EDM ROCKMAN · first_building Castle |
| 15:57 | EDM Martirena · first_building Barracks |
| 16:12 | EDM ROCKMAN · first_building Siege Workshop |
| 16:43 | CTM | Franco* · age_up castle |
| 16:51 | EDM Martirena · first_building Stable |
| 16:51 | CTM | Franco* · first_building Siege Workshop |
| 17:23 | EDM MACHINE · wall_segment Palisade Wall x1 |
| 17:24 | EDM MACHINE · wall_segment Palisade Wall x1 |
| 17:25 | EDM MACHINE · wall_segment Palisade Wall x1 |
| 17:26 | EDM MACHINE · wall_segment Palisade Wall x1 |
| 17:27 | EDM MACHINE · wall_segment Palisade Wall x1 |
| 18:08 | PSX | King · first_building Barracks |
| 18:52 | Matasariano9065 · first_building Barracks |
| 19:48 | PSX | King · first_building Stable |
| 20:14 | EDM ROCKMAN · age_up imperial |
| 20:39 | EDM ROCKMAN · first_market_sell 100 food |
| 20:56 | EDM Martirena · age_up castle |
| 21:08 | EDM MACHINE · age_up castle |
| 21:15 | EDM MACHINE · first_building Monastery |
| 22:34 | CTM | Franco* · wall_segment Palisade Wall x1 |
| 22:39 | PSX | King · tribute_sent a jugador 2 |
| 22:39 | PSX | King · tribute_sent a jugador 3 |
| 22:39 | PSX | King · tribute_sent a jugador 4 |
| 22:39 | PSX | King · tribute_sent a jugador 5 |
| 22:39 | PSX | King · tribute_sent a jugador 6 |
| 23:14 | CTM | Franco* · wall_segment Stone Wall x1 |
| 23:27 | EDM MACHINE · first_market_buy 100 wood |
| 24:04 | EDM MACHINE · first_building Siege Workshop |
| 24:56 | EDM MACHINE · first_market_sell 100 wood |
| 25:26 | EDM Martirena · first_building Monastery |
| 25:31 | EDM Martirena · first_market_sell 100 food |
| 25:32 | EDM Martirena · first_market_buy 100 wood |
| 25:44 | CTM | Franco* · first_building Castle |
| 26:19 | EDM ROCKMAN · first_market_buy 100 food |
| 26:28 | EDM MACHINE · first_building Castle |
| 26:59 | Matasariano9065 · wall_segment Palisade Wall x1 |
| 27:08 | Matasariano9065 · wall_segment Palisade Wall x6 |
| 27:12 | EDM MACHINE · wall_segment Stone Wall x1 |
| 27:19 | Matasariano9065 · wall_segment Palisade Wall x1 |
| 28:42 | PSX | King · first_market_sell 100 stone |
| 29:13 | EDM MACHINE · first_building Barracks |
| 29:49 | PSX | King · first_building Siege Workshop |
| 29:59 | EDM Martirena · age_up imperial |
| 30:27 | EDM Martirena · first_building Castle |
| 30:35 | EDM ROCKMAN · first_building Barracks |
| 32:17 | EDM MACHINE · age_up imperial |
| 32:57 | EDM ROCKMAN · first_building Archery Range |
| 33:03 | PSX | King · age_up imperial |
| 35:13 | PSX | King · resign |
| 35:17 | CTM | Franco* · age_up imperial |
[ AI ANALYSIS · 1 CREDIT ]
What really happened in this match?
Wolo.gg analyzes every decision: build order, eco, micro, common mistakes by bracket. Personalized analysis on WhatsApp or Discord in 30 seconds.
Civ guide
Lithuanians
Perfil
Jugador #9733677